 Dungeon Crawl Stone Soup version 0.30-a0-737-gf23d94013f (webtiles) character file.

Game seed: 8354494544644896284

5798 bande the Cleaver (level 10, -1/63 HPs)
             Began as a Gargoyle Fighter on Feb 1, 2023.
             Was an Elder of Okawaru.
             Slain by an orc warrior
             ... wielding a +0 scimitar
              (7 damage)
             ... on level 10 of the Dungeon on Feb 2, 2023.
             The game lasted 00:14:48 (9643 turns).

bande the Cleaver (Gargoyle Fighter)                Turns: 9643, Time: 00:14:49

Health: -1/63      AC: 28    Str: 20    XL:     10   Next: 79%
Magic:  13/13      EV:  6    Int:  9    God:    Okawaru [****..]
Gold:   503        SH:  5    Dex: 13    Spells: 9/9 levels left

rFire   . . .      SeeInvis .    a - +1 war axe
rCold   . . .      Faith    .    c - +0 buckler
rNeg    + . .      Spirit   .    m - +0 plate armour
rPois   ∞          Reflect  .    i - +0 helmet
rElec   +          Harm     .    (no cloak)
rCorr   .          Rampage  .    (no gloves)
Will    +....                    p - +1 pair of boots Stlth
                                 (no amulet)
HPRegen 0.30/turn                h - +4 ring of protection
MPRegen 0.13/turn                f - ring of willpower

@: no status effects
A: sickness immunity, AC +7, negative energy resistance 1, electricity
resistance, torment resistance 1, petrification resistance
a: Renounce Religion, Heroism, Finesse


You were on level 10 of the Dungeon.
You worshipped Okawaru.
Okawaru was greatly pleased with you.
You visited 2 branches of the dungeon, and saw 11 of its levels.

You collected 503 gold pieces.

Inventory:

Hand Weapons
 a - a +1 war axe (weapon)
 x - a +0 flail
Armour
 c - a +0 buckler (worn)
 i - a +0 helmet (worn)
 m - a +0 plate armour (worn)
 p - a +1 pair of boots (worn)
Jewellery
 f - a ring of willpower (right hand)
 h - a +4 ring of protection (left hand)
 l - an amulet of magic regeneration
 t - a ring of resist corrosion
 v - a ring of positive energy
 y - a ring of fire
 A - a ring of wizardry
Wands
 r - a wand of flame (26)
 w - a wand of charming (10)
Scrolls
 e - a scroll of identify
 g - 2 scrolls of enchant armour
 o - 3 scrolls of teleportation
 s - 3 scrolls of fog
 z - a scroll of silence {unknown}
 B - 2 scrolls of magic mapping
 D - a scroll of blinking
Potions
 b - 2 potions of heal wounds
 d - 2 potions of might
 j - 3 potions of haste
 k - 2 potions of flight
 n - 8 potions of curing
 q - 3 potions of brilliance
 u - 2 potions of invisibility


   Skills:
 + Level 7.1 Fighting
 + Level 9.6 Axes
 + Level 7.5 Armour
 + Level 6.6 Shields
 * Level 5.1 Invocations
 * Level 4.4 Evocations


You had 9 spell levels left.
You didn't know any spells.
Your spell library contained the following spells:

 Spells                   Type           Power      Damage    Failure   Level
 Sandblast                Erth           0%         2d4       100%        1
 Ensorcelled Hibernation  Hex/Ice        0%         N/A       100%        2
 Lesser Beckoning         Tloc           0%         N/A       100%        2
 Gell's Gravitas          Tloc           0%         N/A       100%        3
 Spider Form              Tmut/Pois      0%         N/A       100%        3
 Teleport Other           Tloc           0%         N/A       100%        3
 Anguish                  Hex/Necr       0%         N/A       100%        4
 Petrify                  Tmut/Erth      0%         N/A       100%        4
 Irradiate                Conj/Tmut      0%         3d11      100%        5
 Iskenderun's Battlesphe  Conj           0%         2d6       100%        5
 Iron Shot                Conj/Erth      0%         9d1       100%        6
 Sublimation of Blood     Necr           Unusable   N/A       N/A         2
 Spellforged Servitor     Conj/Summ      Unusable   N/A       N/A         7

Dungeon Overview and Level Annotations

Branches:
Dungeon (10/15)            Temple (1/1) D:6             Orc (0/2) D:10
   Lair: D:8-11

Altars:
Ashenzari
Cheibriados
Fedhas
Hepliaklqana
Makhleb
Nemelex Xobeh
Okawaru
Ru
Wu Jian
Yredelemnul

Shops:
D:9 ?


Innate Abilities, Weirdness & Mutations

You are immune to sickness and miasma.
Your stone body is resilient. (AC +7)
You are immune to poison.
You resist negative energy. (rN+)
You are resistant to electric shocks. (rElec)
You are resistant to unholy torment.
You are immune to petrification.


Message History

The warg bites you!
You hit the orc warrior.
The orc warrior is almost dead.
You hit the warg.
The orc warrior hits you with a +0 scimitar.
The warg bites you but does no damage.
You are too injured to fight recklessly!
You are too injured to fight recklessly!
You are too injured to fight recklessly!
You are too injured to fight recklessly!
You are too injured to fight recklessly!
You are too injured to fight recklessly!
You are too injured to fight recklessly!
You are too injured to fight recklessly!
You are too injured to fight recklessly!
You are too injured to fight recklessly!
You closely miss the orc warrior.
The orc warrior is almost dead.
You hit the warg. The warg bites you but does no damage.
You block the orc warrior's attack. The warg bites you but does no damage.
You hit the orc warrior but do no damage.
The orc warrior is almost dead.
You hit the warg but do no damage.
The orc warrior hits you but does no damage.
The warg bites you but does no damage.
You hit the orc warrior but do no damage.
The orc warrior is almost dead.
You closely miss the warg.
The orc warrior hits you with a +0 scimitar!
The warg barely misses you.
You barely miss the orc warrior.
The orc warrior is almost dead.
You barely miss the warg. The warg bites you but does no damage.
The orc warrior hits you but does no damage.
The warg bites you but does no damage.
The orc priest mumbles some strange prayers to Beogh against you.
Beogh smites you!
* * * LOW HITPOINT WARNING * * *
The orc warrior hits you with a +0 scimitar!
You die...

######....######
#..#<.....#
#..######.#
#.........#
###.###....
#.### # ###..#
#).#.# #..#@..#
#..ooho#.#
#$#.o#...# g.
#..#..## . ...
#... .#.# #.#.#
. .# ##### #.


You could see a warg, an orc warrior, an orc priest, an orc wizard and an orc.

Vanquished Creatures
  A troll (D:9)
  A wyvern (D:9)
  10 yaks
  3 steam dragons
  A water moccasin (D:5)
  5 ice beasts
  3 orc warriors (D:9)
  An ogre (D:7)
  5 centaurs
  3 phantoms
  A kobold brigand (D:8)
  6 bullfrogs
  A gnoll sergeant (D:6)
  5 scorpions
  9 killer bees
  A jelly (D:3)
  4 hounds
  6 orc priests
  4 iguanas
  9 orc wizards
  5 gnolls (D:6)
  6 adders
  A shadow imp (D:6)
  A white imp (D:7)
  2 dart slugs
  25 orcs
  2 ball pythons
  5 bats
  An endoplasm (D:1)
  4 giant cockroaches
  12 goblins
  6 hobgoblins
  3 quokkas
  7 frilled lizards
  13 kobolds
  7 rats
179 creatures vanquished.

Vanquished Creatures (others)
  An orc (D:9)
1 creature vanquished.

Grand Total: 180 creatures vanquished

Notes
Turn   | Place    | Note
-------+----------+-------------------------------------------
     0 | D:1      | bande the Gargoyle Fighter began the quest for the Orb.
     0 | D:1      | Reached XP level 1. HP: 14/14 MP: 1/1
   222 | D:1      | Reached XP level 2. HP: 19/19 MP: 2/2
   582 | D:1      | Reached skill level 2 in Axes
   723 | D:1      | Reached XP level 3. HP: 23/23 MP: 3/3
  1816 | D:3      | Found a broken altar of Ashenzari.
  1867 | D:3      | Found a faded altar of an unknown god.
  1875 | D:3      | Got Plato's Handbook of Earth
  1887 | D:3      | Reached XP level 4. HP: 29/29 MP: 4/4
  1945 | D:3      | HP: 1/29 [acid (3)]
  2210 | D:3      | Reached skill level 3 in Axes
  2694 | D:4      | Reached XP level 5. HP: 33/33 MP: 5/5
  2922 | D:4      | Reached XP level 6. HP: 11/38 MP: 6/6
  2943 | D:4      | Reached skill level 4 in Axes
  3748 | D:5      | Entered Level 5 of the Dungeon
  3799 | D:5      | Reached skill level 5 in Armour
  3799 | D:5      | Reached XP level 7. HP: 42/44 MP: 7/7
  3818 | D:5      | Reached skill level 5 in Axes
  4133 | D:5      | Reached skill level 5 in Fighting
  4161 | D:5      | Reached XP level 8. HP: 34/49 MP: 8/8
  4658 | D:6      | Reached skill level 6 in Axes
  4710 | D:6      | Found a hazy altar of Hepliaklqana.
  4743 | D:6      | Found a sparkling altar of Nemelex Xobeh.
  4801 | D:6      | Found a basalt altar of Yredelemnul.
  4802 | D:6      | Found a burning altar of Makhleb.
  4802 | D:6      | Found a snail-covered altar of Cheibriados.
  4803 | D:6      | Found a blossoming altar of Fedhas.
  4892 | D:6      | Reached skill level 5 in Shields
  5097 | D:6      | Reached skill level 1 in Evocations
  5170 | D:6      | Found a staircase to the Ecumenical Temple.
  5184 | Temple   | Entered the Ecumenical Temple
  5190 | Temple   | Became a worshipper of Warmaster Okawaru
  5327 | D:6      | Reached skill level 7 in Axes
  5446 | D:7      | Reached skill level 1 in Invocations
  5524 | D:7      | Reached XP level 9. HP: 41/55 MP: 8/10
  5727 | D:7      | Reached * piety under Okawaru
  5792 | D:7      | Found an ornate altar of the Wu Jian Council.
  6394 | D:8      | Reached skill level 8 in Axes
  6533 | D:8      | Reached ** piety under Okawaru
  6588 | D:8      | Found a sacrificial altar of Ru.
  7488 | D:8      | Reached XP level 10. HP: 17/61 MP: 12/12
  7775 | D:8      | Reached *** piety under Okawaru
  8005 | D:9      | Reached skill level 9 in Axes
  8605 | D:9      | Identified the +6 quarterstaff of the Pariah {freeze, rN+}
  8965 | D:9      | Reached skill level 5 in Invocations
  9098 | D:9      | Found The Oracle's Delphic Readings.
  9108 | D:9      | Reached **** piety under Okawaru
  9575 | D:10     | Entered Level 10 of the Dungeon
  9604 | D:10     | Found a staircase to the Orcish Mines.
  9643 | D:10     | Slain by an orc warrior

Illustrated notes

Levels and vault maps discovered:
D:1:      ncdulo_halloftheorcs, layout_loops_corners
D:2:      layout_basic, kennysheep_generic_room_8
D:3:      layout_rooms, cheibrodos_ashenzari_chains,
          shapermc_ecumenical_altar_rom_forum, serial_rivers,
          chequers_serial_rivers_micro_d, chequers_serial_rivers_large_b,
          chequers_serial_rivers_micro_e, chequers_serial_rivers_micro_b,
          chequers_serial_rivers_micro_a, minivault_4
D:4:      layout_basic
D:5:      layout_rooms, grunt_ministairs_12, hex_tiny
D:6:      layout_rooms, chequers_temple_overflow_statue_of_worship,
          mainiacjoe_overflow_24_doors, nicolae_hepliaklqana_hazy_memory,
          minmay_temple_entry_poolview, grunt_decor_arrowhead
D:7:      layout_loops_ring, mainiacjoe_overflow_six_doors_small
D:8:      layout_loops_ring, lemuel_round_altar
D:9:      layout_rooms, serial_co_window_serial, co_window_paths_a,
          co_window_paths_a, co_window_paths_b, co_window_corner_a,
          co_window_paths_b, co_window_unsneaky_path_e, co_window_paths_c,
          co_window_corner_ca, co_window_unsneaky_path_a, co_window_paths_c,
          co_window_cross_3, co_window_of_opportunity_b, glass_columns_b,
          nicolae_nh_oracle_at_delphi
D:10:     layout_basic, david_lair_generic, erik_orc_3
Temple:   dshaligram_water_room_temple

Skill      XL: |  1  2  3  4  5  6  7  8  9 10 |
---------------+-------------------------------+-----
Axes           | 2 3 4 5 7 8 9 |  9.6
Armour         | 4 5 6 7 |  7.5
Fighting       | 4 5 6 7 |  7.1
Shields        | 4 5 6 |  6.6
Evocations     | 1 3 4 |  4.4
Invocations    | 1 3 5 |  5.1

Action                     |  1- 3 |  4- 6 |  7- 9 | 10-12 || total
---------------------------+-------+-------+-------+-------++-------
  Melee: War axe           |   115 |   170 |   359 |   202 ||   846
    Use: Scroll            |       |    11 |     4 |     6 ||    21
         Potion            |       |     2 |       |     1 ||     3
 Armour: Scale mail        |    26 |       |       |       ||    26
         Ring mail         |    39 |       |       |       ||    39
         Plate armour      |    18 |   215 |   316 |   185 ||   734
  Dodge: Dodged            |    56 |    63 |    85 |    60 ||   264
  Block: Buckler           |    23 |    45 |   115 |    55 ||   238

Table legend: (Time is in decaauts)
 A = Elapsed time spent in this place.
 B = Non-inter-level travel time spent in this place.
 C = Inter-level travel time spent in this place.
 D = Time resting spent in this place.
 E = Time spent auto-exploring this place.
 F = Levels seen in this place.
 G = Mean time per level.
                   A        B        C        D        E       F      G
               +--------+--------+--------+--------+--------+-----+--------+
         Total |   9869 |   9658 |    211 |   2419 |   5414 |  11 |  897.2 |
       Dungeon |   9856 |   9645 |    211 |   2419 |   5414 |  10 |  985.6 |
        Temple |     12 |     12 |      0 |      0 |      0 |   1 |   12.0 |
               +--------+--------+--------+--------+--------+-----+--------+

Top non-repeatable levels by time:
     D:9: 1690 daAuts
     D:8: 1648 daAuts
     D:4: 1175 daAuts
     D:1: 972 daAuts
     D:5: 922 daAuts
     D:3: 893 daAuts
     D:2: 847 daAuts
     D:7: 846 daAuts
     D:6: 790 daAuts
    D:10: 69 daAuts
  Temple: 12 daAuts
